cohdb
Replays
Latest Replays
All Replays
Popular Replays
Top Player Replays
Match Explorer
How It Works
Community
CoH3 Stats
Reddit
Sign in to upload your games and track your stats! →
Sign in with Steam
Match 44369275
Unlisted
Match 44369275
Overview
Messages
Build Orders
End
Construct Infanterie Kompanie
Kettenkrad Recon Vehicle
Selects Breakthrough Battlegroup
Selects Assault Grenadiers
MG 42 Machine Gun Team
Grenadier Squad
GrW 34 Mortar Team
Construct Luftwaffe Kompanie
Medical Bunker
Jäger Squad
Support Elements
Jäger Squad
Construct Panzergrenadier Kompanie
Nebelwerfer 42 Rocket Launcher Team
251 Medium Carrier
Nebelwerfer 42 Rocket Launcher Team
Construct Panzer Kompanie
Selects Smoke Bombing Run
Selects Incendiary Bombing Run
Incendiary Bombing Run
Panzergrenadier Squad
Selects 2.5-tonne Cargo Truck
Selects Blitzkrieg
Blitzkrieg
Panzer IV Medium Tank
Incendiary Bombing Run
Pioneer Squad
Pioneer Squad
251 Medium Carrier
Incendiary Bombing Run
Selects Tiger Heavy Tank
Tiger Heavy Tank
Panzer IV Medium Tank
Panzer IV Medium Tank
251 Medium Carrier
Side Skirts
Incendiary Bombing Run
Panzer IV Medium Tank
Brothers in Trenches
Orb
Legionary
Joe™
TonyLarsan
world_flyer
0
0
Comments
sign in to comment!
No comments posted yet!